 Dungeon Crawl Stone Soup version 0.30-a0-996-ga6910c8ee8 (webtiles) character file.

Game seed: 2976700619992844663

31 dracfodder the Firebug (level 3, 0/19 HPs)
             Began as a Gargoyle Fire Elementalist on Apr 4, 2023.
             Killed from afar by Natasha (8 damage)
             ... with a puff of flame
             ... on level 2 of the Dungeon.
             The game lasted 00:05:38 (1270 turns).

dracfodder the Firebug (Gargoyle Fire Elementalist) Turns: 1270, Time: 00:05:40

Health: 0/19       AC:  5    Str: 11    XL:     3   Next: 22%
Magic:  2/6        EV: 12    Int: 17    God:
Gold:   62         SH:  0    Dex: 10    Spells: 3/6 levels left

rFire   . . .      SeeInvis .    a - +0 dagger
rCold   . . .      Faith    .    (no shield)
rNeg    + . .      Spirit   .    c - +0 robe
rPois   ∞          Reflect  .    (no helmet)
rElec   +          Rampage  .    (no cloak)
rCorr   .                        (no gloves)
Will    .....                    (no boots)
Stlth   ++                       (no amulet)
HPRegen 0.23/turn                (no ring)
MPRegen 0.10/turn                (no ring)

@: no status effects
A: sickness immunity, AC +3, negative energy resistance 1, electricity
resistance, torment resistance 1, petrification resistance
a: no special abilities


You were on level 2 of the Dungeon.
You visited 1 branch of the dungeon, and saw 2 of its levels.

You collected 62 gold pieces.

Inventory:

Hand Weapons
 a - a +0 dagger (weapon)
 b - a +0 sling
Armour
 c - a +0 robe (worn)
Scrolls
 d - a scroll of brand weapon {unknown}
 e - 3 scrolls of noise {unknown}
 g - a scroll of fog {unknown}
 i - a scroll of fear {unknown}
 l - a scroll of enchant weapon {unknown}
 m - a scroll of enchant armour {unknown}
Potions
 f - a potion of flight {unknown}
 h - a potion of might {unknown}
 k - a potion of degeneration {unknown}


   Skills:
 + Level 0.1 Short Blades
 + Level 1.7 Dodging
 + Level 2.5 Stealth
 + Level 2.2 Spellcasting
 + Level 1.9 Conjurations
 + Level 3.4 Fire Magic


You had 3 spell levels left.
You knew the following spells:

 Your Spells              Type           Power      Damage    Failure   Level
a - Foxfire               Conj/Fire      44%        2x1d6     6%          1
b - Scorch                Fire           26%        2d6       7%          2

Your spell library contained the following spells:

 Spells                   Type           Power      Damage    Failure   Level
 Inner Flame              Hex/Fire       7%         N/A       28%         3
 Kindle Blastsparks       Fire/Tloc/Air  10%        2d10      34%         3
 Flame Wave               Conj/Fire      11%        2d6       52%         4


Dungeon Overview and Level Annotations

Branches:
Dungeon (2/15)

Altars:

Annotations:
D:2 Natasha


Innate Abilities, Weirdness & Mutations

You are immune to sickness and miasma.
Your stone body is resilient. (AC +3)
You are immune to poison.
You resist negative energy. (rN+)
You are resistant to electric shocks. (rElec)
You are resistant to unholy torment.
You are immune to petrification.


Message History

Natasha is moderately wounded.
The bat hits you but does no damage. Natasha claws you.
Casting: Foxfire (safe; 6% risk of failure)
Press: ? - help, Q - select action, (/) - cycle Dir - look around, f - activate You conjure some foxfire!
The foxfire hits Natasha.
Natasha is heavily wounded.
The foxfire hits the bat.
The bat is moderately wounded.
The foxfire hits the quokka.
The quokka is almost dead.
The bat misses you. Natasha claws you!
Casting: Foxfire (safe; 6% risk of failure)
Press: ? - help, Q - select action, (/) - cycle Dir - look around, f - activate You conjure some foxfire!
The foxfire hits Natasha but does no damage.
Natasha is heavily wounded.
The bat hits you but does no damage. Natasha barely misses you.
The quokka misses you. Magic courses through your body.
The foxfire hits Natasha.
Natasha is severely wounded.
The foxfire hits the bat.
You kill the bat!
The quokka closely misses you.
Natasha stares at you and mumbles some strange words.
You resist with significant effort.
Casting: Foxfire (safe; 6% risk of failure)
Confirm with . or Enter, or press ? or * to list all spells.
Flames lash the quokka.
You kill the quokka!
You hear a shout!
Natasha barely misses you.
A rat comes into view.
Casting: Scorch (safe; 7% risk of failure)
Confirm with . or Enter, or press ? or * to list all spells.
Flames lash Natasha.
Natasha is almost dead.
Natasha's fire resistance burns away.
Natasha zaps a wand.
The puff of flame hits you!
You die...

#......r..#
#.........##
..........#
##........(.
#...........
#.........#
#....†....#
#...@†....#
#...h..>..#
##.......##
##.....##
#######


You could see Natasha (combustible) and a rat.

Vanquished Creatures
  A dart slug (D:1)
  2 ball pythons (D:1)
  2 endoplasms (D:1)
  3 hobgoblins (D:1)
  5 jackals (D:1)
  A kobold (D:1)
  A quokka (D:2)
  4 bats
  3 frilled lizards (D:1)
  2 goblins (D:1)
  2 rats (D:1)
26 creatures vanquished.

Vanquished Creatures (others)
  59 foxfires
59 creatures vanquished.

Grand Total: 85 creatures vanquished

Notes
Turn   | Place    | Note
-------+----------+-------------------------------------------
     0 | D:1      | dracfodder the Gargoyle Fire Elementalist began the quest
                  | for the Orb.
     0 | D:1      | Reached XP level 1. HP: 10/10 MP: 3/3
   107 | D:1      | Found a faded altar of an unknown god.
   252 | D:1      | Reached XP level 2. HP: 14/15 MP: 1/5
   255 | D:1      | Learned a level 2 spell: Scorch
   832 | D:1      | Reached XP level 3. HP: 19/19 MP: 6/6
  1261 | D:2      | Noticed Natasha
  1270 | D:2      | Killed from afar by Natasha

Illustrated notes

Levels and vault maps discovered:
D:1:      saegor_arrival_simple_d, layout_basic, ebering_ecumenical_altar_hall,
          nicolae_eternal_life, dk_noncrumbling_3
D:2:      layout_rooms, serial_bayou_pond_d, uniq_natasha

Action                     || total
---------------------------++-------
  Melee: Dagger            ||     8
   Fire: Sling             ||     2
   Cast: Foxfire           ||    38
         Scorch            ||     3
    Use: Potion            ||     1
 Armour: Robe              ||     5
  Dodge: Dodged            ||    17

Table legend: (Time is in decaauts)
 A = Elapsed time spent in this place.
 B = Non-inter-level travel time spent in this place.
 C = Inter-level travel time spent in this place.
 D = Time resting spent in this place.
 E = Time spent auto-exploring this place.
 F = Levels seen in this place.
 G = Mean time per level.
                   A        B        C        D        E       F      G
               +--------+--------+--------+--------+--------+-----+--------+
         Total |   1269 |   1231 |     38 |    238 |    823 |   2 |  634.5 |
       Dungeon |   1269 |   1231 |     38 |    238 |    823 |   2 |  634.5 |
               +--------+--------+--------+--------+--------+-----+--------+

Top non-repeatable levels by time:
     D:1: 1260 daAuts
     D:2: 8 daAuts
